 Dungeon Crawl Stone Soup version 0.26-a0-852-g6321bf7485 (webtiles) character file.

Game seed: 12153934866697384683

2979 marklar909 the Slinger (level 10, -6/69 HPs)
             Began as a Halfling Hunter on Nov 22, 2020.
             Was a Follower of Okawaru.
             Mangled by a white ugly thing (10 damage)
             ... on level 8 of the Dungeon.
             The game lasted 00:10:51 (9102 turns).

marklar909 the Slinger (Halfling Hunter)            Turns: 9102, Time: 00:10:51

Health: -6/69      AC: 11    Str: 16    XL:     10   Next: 9%
Magic:  8/10       EV: 18    Int:  9    God:    Okawaru [*.....]
Gold:   384        SH:  0    Dex: 16    Spells: 9/9 levels left

rFire    . . .     SeeInvis .   a - +2 hunting sling
rCold    . . .     Faith    .   (shield restricted)
rNeg     . . .     Spirit   .   c - +0 scale mail
rPois    .         Reflect  .   p - +1 hat
rElec    .         Harm     .   l - scarf {+Inv}
rCorr    .         Rampage  .   f - +1 pair of gloves
MR       .....                  (no boots)
Stlth    +++.......             (no amulet)
HPRegen  0.21/turn              (no ring)
MPRegen  0.12/turn              (no ring)

@: about to teleport, heroism
A: small, mutation resistance 1
a: Heroism, Renounce Religion, Evoke Invisibility


You were on level 8 of the Dungeon.
You worshipped Okawaru.
Okawaru was aware of your devotion.
You visited 2 branches of the dungeon, and saw 9 of its levels.

You collected 384 gold pieces.

Inventory:

Hand Weapons
 a - a +2 hunting sling (weapon)
 b - a +0 short sword
Missiles
 d - 49 sling bullets
 m - 99 stones (quivered)
Armour
 c - a +0 scale mail (worn)
 f - a +1 pair of gloves (worn)
 l - a scarf of invisibility (worn)
 p - a +1 hat (worn)
Jewellery
 t - a +6 ring of dexterity
 A - an uncursed ring of positive energy {unknown}
Wands
 h - a wand of digging (4)
 y - a wand of random effects (7)
Scrolls
 j - 5 scrolls of identify
 k - 2 scrolls of teleportation
 n - a scroll of blinking
 q - 7 scrolls of remove curse
 v - 5 scrolls of enchant weapon
 w - a scroll of magic mapping
Potions
 e - 3 potions of might
 g - 2 potions of haste
 i - 2 potions of curing
 o - 2 potions of flight
 r - 3 potions of lignification {unknown}
 s - a potion of cancellation {unknown}
 u - a potion of mutation {unknown}
 x - 2 potions of berserk rage {unknown}
 z - a potion of heal wounds {unknown}


   Skills:
 + Level 6.4(11.4) Fighting
 + Level 14.6(19.6) Slings
 + Level 3.4(8.4) Armour
 + Level 4.0(9.0) Dodging
 + Level 2.9(7.9) Stealth


You had 9 spell levels left.
You didn't know any spells.
Your spell library contained the following spells:

 Spells                   Type           Power        Failure   Level
 Foxfire                  Conj/Fire      #...         77%         1
 Conjure Flame            Conj/Fire      #.......     98%         3
 Inner Flame              Hex/Fire       #.......     98%         3
 Cause Fear               Hex            #.........   100%        4
 Sticky Flame             Conj/Fire      #.......     100%        4
 Fireball                 Conj/Fire      #.........   100%        5
 Silence                  Hex/Air        #.........   100%        5
 Yara's Violent Unravell  Hex/Tmut       #.........   100%        5
 Discord                  Hex            #.........   100%        8


Dungeon Overview and Level Annotations

Branches:
Dungeon (8/15)             Temple (1/1) D:4
   Lair: D:8-11

Altars:
Cheibriados
Dithmenos
Elyvilon
Fedhas
Gozag
Hepliaklqana
Kikubaaqudgha
Makhleb
Nemelex Xobeh
Okawaru
Qazlal
Ru
Sif Muna
Trog
Uskayaw
Vehumet
Wu Jian
Xom
Yredelemnul
Zin
The Shining One

Annotations:
D:6 1 transporter
D:8 5 runed translucent doors


Innate Abilities, Weirdness & Mutations

You are small and have problems with some larger weapons.
You are somewhat resistant to further mutation.


Message History

Evoke which item? (* to show all) (? for menu, Esc to quit)
Aiming: Random Effects
Press: ? - help, Shift-Dir - straight line, f/p - white ugly thing
Aim: a white ugly thing (severely wounded)
The white ugly thing easily resists.
Unknown command.
Unknown command.
Firing (i - inventory. (/) - cycle)
m - 100 stones (quivered)
Press: ? - help, Shift-Dir - straight line, f/p - white ugly thing
Aim: a white ugly thing (severely wounded)
You shoot a stone. The stone hits the white ugly thing!
The white ugly thing is almost dead.
Firing (i - inventory. (/) - cycle)
m - 99 stones (quivered)
Press: ? - help, Shift-Dir - straight line, f/p - white ugly thing
Aim: a white ugly thing (almost dead)
Okay, then.
As you read the scroll of teleportation, it crumbles to dust.
You feel strangely unstable. The white ugly thing tail-slaps you!
You die...

.#..#######8..8##.....#
##....... .##...)#
#8....8#..#..# ##...### ..######
#}....!#.....# ##.## ..#
#$....)#.#.#.# #.# .##
#8....8#.....######.# .#
#####8..8##)#..........#### .#
#('(##++##...^..########..? .#
#.##..(B(.u..#.#.# #.## .# #
#.######@...#.# #.#. .## ##...#
##..##.# #.#. ..######..#.#
#.....# #.#. .........##.#
##.#### #... .##.#....##.# #.).#
#### .......#.##.## #...# #
#............# #...# #######
.#........#.####...##### #......
.#.##.#.#.#............###.....#


You could see a white ugly thing and a worker ant.

Vanquished Creatures
  3 ice beasts
  2 orc warriors (D:7)
  A sky beast (D:8)
  3 ogres
  2 black bears
  3 centaurs
  2 bullfrogs
  5 scorpions
  4 wights (D:7)
  A bullfrog zombie (D:5)
  A quasit (D:6)
  A jelly (D:7)
  A centaur skeleton (D:7)
  6 hounds
  5 orc priests
  8 orc wizards
  A centaur zombie (D:8)
  3 worker ants
  A killer bee zombie (D:8)
  A hound zombie (D:5)
  A hound skeleton (D:7)
  6 adders
  15 gnolls
  2 shadow imps
  4 white imps
  2 ufetubi (D:7)
  2 oozes
  An adder zombie (D:7)
  A dart slug (D:4)
  2 worms
  A leopard gecko (D:1)
  25 orcs
  12 bats
  5 giant cockroaches
  4 goblins
  8 hobgoblins
  15 jackals
  4 quokkas
  A ball python (D:3)
  2 frilled lizards
  A jackal skeleton (D:5)
  3 kobolds
  A quokka zombie (D:7)
  8 rats
180 creatures vanquished.

Vanquished Creatures (others)
  An orc wizard (D:8)
  A bat (D:3)
  A rat (D:3)
3 creatures vanquished.

Grand Total: 183 creatures vanquished

Notes
Turn   | Place    | Note
-------+----------+-------------------------------------------
     0 | D:1      | marklar909 the Halfling Hunter began the quest for the Orb.
     0 | D:1      | Reached XP level 1. HP: 14/14 MP: 1/1
    62 | D:1      | Reached skill level 6 in Slings
   245 | D:1      | Reached XP level 2. HP: 17/19 MP: 2/2
   647 | D:1      | Reached XP level 3. HP: 24/24 MP: 3/3
  1115 | D:2      | Noticed an ice beast
  1133 | D:2      | Killed an ice beast
  1134 | D:2      | Reached skill level 8 in Slings
  1134 | D:2      | Reached skill level 1 in Armour
  1134 | D:2      | Reached XP level 4. HP: 18/30 MP: 4/4
  1134 | D:2      | Reached XP level 5. HP: 21/35 MP: 5/5
  1471 | D:2      | Found a blossoming altar of Fedhas.
  1681 | D:2      | Reached XP level 6. HP: 41/41 MP: 6/6
  1878 | D:3      | Found a glowing golden altar of the Shining One.
  1881 | D:3      | Noticed an angel
  1891 | D:3      | Found a basalt altar of Yredelemnul.
  1894 | D:3      | Noticed a profane servitor
  2053 | D:3      | Reached skill level 9 in Slings
  2483 | D:3      | Found a shadowy altar of Dithmenos.
  2485 | D:3      | Found a radiant altar of Vehumet.
  2485 | D:3      | Found a shimmering altar of Xom.
  2578 | D:3      | Found a burning altar of Makhleb.
  2578 | D:3      | Found a hazy altar of Hepliaklqana.
  2578 | D:3      | Found a bloodstained altar of Trog.
  2633 | D:3      | Found a glowing silver altar of Zin.
  2634 | D:3      | Found an opulent altar of Gozag.
  2915 | D:4      | Found a staircase to the Ecumenical Temple.
  2953 | Temple   | Entered the Ecumenical Temple
  3233 | D:4      | Reached XP level 7. HP: 41/45 MP: 7/7
  3552 | D:4      | Found a hazy altar of Hepliaklqana.
  3763 | D:3      | Reached skill level 10 in Slings
  4129 | D:5      | Entered Level 5 of the Dungeon
  4612 | D:5      | Reached skill level 11 in Slings
  4612 | D:5      | Reached XP level 8. HP: 34/52 MP: 8/8
  5082 | D:5      | Found a burning altar of Makhleb.
  5219 | D:6      | Found a sparkling altar of Nemelex Xobeh.
  5219 | D:6      | Found a transporter.
  5219 | D:6      | Noticed a purple ugly thing
  5363 | D:6      | Reached skill level 12 in Slings
  5574 | D:6      | Found a sacrificial altar of Ru.
  5587 | D:6      | Reached XP level 9. HP: 59/59 MP: 9/9
  6083 | D:7      | Reached skill level 5 in Fighting
  6083 | D:7      | Reached skill level 13 in Slings
  6634 | D:7      | Found an iron altar of Okawaru.
  6692 | D:7      | Became a worshipper of Warmaster Okawaru
  7288 | D:7      | Reached skill level 14 in Slings
  8062 | D:8      | Found a runed translucent door.
  8062 | D:8      | Noticed a sixfirhy
  8144 | D:8      | Reached * piety under Okawaru
  8304 | D:8      | Found a large runed translucent door.
  8305 | D:8      | Noticed a kobold demonologist
  8311 | D:8      | Found a large runed translucent door.
  8312 | D:8      | Found a large runed translucent door.
  8314 | D:8      | Found a large runed translucent door.
  8416 | D:8      | Reached XP level 10. HP: 37/68 MP: 10/10
  9080 | D:8      | Noticed a white ugly thing
  9091 | D:8      | HP: 2/69 [white ugly thing (24)]
  9102 | D:8      | Mangled by a white ugly thing

Illustrated notes

Levels and vault maps discovered:
D:1:      heliophobic_arrival_glass_houses, layout_loops_corners, serial_forest,
          infiniplex_forest_lined_ring, infiniplex_forest_straight_1,
          infiniplex_forest_clump_C, infiniplex_forest_zigzag_1,
          infiniplex_forest_clump_long, infiniplex_forest_clump_small,
          infiniplex_forest_side_room, infiniplex_forest_zigzag_1,
          infiniplex_forest_lined_3_way
D:2:      layout_rooms, nicolae_overflow_crystal_walls,
          minmay_misc_feat_enclosed
D:3:      layout_basic, grunt_temple_overflow_holy_war, doesnt_xom_only_xom,
          grunt_temple_overflow_gold_and_silver
D:4:      layout_gridville, general_overflow_altar, temple_green,
          grunt_dithmenos_shadows
D:5:      layout_loops_cross, nicolae_overflow_hidden_temple
D:6:      layout_basic, nicolae_ru_sacrificial_ziggurat,
          grunt_nemelex_the_gamble
D:7:      layout_basic, lemuel_doored_altar
D:8:      cheibrodos_shockbox, layout_loops_cross, minmay_hollow_rounded_squares
Temple:   minmay_temple_curvy_loop

Skill      XL: |  1  2  3  4  5  6  7  8  9 10 |
---------------+-------------------------------+-----
Slings         | 6 8 9 11 12 14 | 14.6
Fighting       | 2 3 4 6 |  6.4
Armour         | 1 2 3 |  3.4
Stealth        | 2 |  2.9
Dodging        | 3 4 |  4.0

Action                   |  1- 3 |  4- 6 |  7- 9 | 10-12 || total
-------------------------+-------+-------+-------+-------++-------
Melee: Hunting sling     |       |       |     3 |       ||     3
 Fire: Hunting sling     |    56 |   197 |   636 |    53 ||   942
Invok: Heroism           |       |       |       |     1 ||     1
Evoke: Wand              |       |       |       |     1 ||     1
  Use: Scroll            |       |     6 |    10 |     2 ||    18
Armor: Leather armour    |     4 |    13 |    34 |       ||    51
       Scale mail        |       |       |    42 |     3 ||    45
Dodge: Dodged            |    17 |    55 |   197 |    17 ||   286

Table legend: (Time is in decaauts)
 A = Elapsed time spent in this place.
 B = Non-inter-level travel time spent in this place.
 C = Inter-level travel time spent in this place.
 D = Time resting spent in this place.
 E = Time spent auto-exploring this place.
 F = Levels seen in this place.
 G = Mean time per level.
                   A        B        C        D        E       F      G
               +--------+--------+--------+--------+--------+-----+--------+
         Total |   8790 |   8427 |    363 |    376 |   6823 |   9 |  976.7 |
       Dungeon |   8575 |   8236 |    339 |    376 |   6633 |   8 | 1071.9 |
        Temple |    214 |    190 |     24 |      0 |    190 |   1 |  214.0 |
               +--------+--------+--------+--------+--------+-----+--------+

Top non-repeatable levels by time:
     D:7: 1600 daAuts
     D:3: 1305 daAuts
     D:6: 1088 daAuts
     D:8: 1065 daAuts
     D:1: 1059 daAuts
     D:4: 881 daAuts
     D:5: 811 daAuts
     D:2: 764 daAuts
  Temple: 214 daAuts
